AoeStats
← URL

Arena

508200906Analyzed
4v4 RM · 12d ago on Sep 21, 2026· 57m 31s· 8 players
Game mode
Random Map
Map size
Large (8 player)
Population
200
Speed
Normal
Resources
Standard
Victory
Conquest
Starting age
Dark Age
Ending age
Imperial Age
RankedLock teamsTeams togetherTeam positionsShared explorationLock speedFull tech treeHidden civsTurbo modeCheats
Victory
Defeat
🇮🇩 Portuguese · Indonesia
843
+16
🇹🇼 Saracens · Taiwan
829
+16
🇺🇸 Celts · United States
780
+18
🇻🇳 Britons · Vietnam
749
+19
🇧🇷 Burgundians · Brazil
882
-19
🇹🇷 Britons · Türkiye
874
-19
🇱🇹 Goths · Lithuania
850
-18
🇦🇷 Maya · Argentina
711
-13
SUSUKI
13:03 Feudal Age
13:28 Loom
14:25 Wheelbarrow
17:37 Castle Age
15:51 Horse Collar
15:59 Double-Bit Axe
16:53 Fletching
17:46 Stone Mining
17:47 Gold Mining
18:09 Forging
18:05 Scale Barding Armor
18:17 Town Watch
24:52 Chain Barding Armor
26:02 Iron Casting
30:22 Scale Mail Armor
30:20 Bodkin Arrow
32:24 Bloodlines
33:31 Hand Cart
33:30 Bow Saw
36:33 Gold Shaft Mining
41:05 Imperial Age
41:16 Elite Mameluke
42:22 Conscription
45:06 Two-Man Saw
44:08 Heavy Plow
45:29 Blast Furnace
45:04 Plate Barding Armor
44:44 Town Patrol
Peter Xavier
2:13 Loom
2:28 Loom
2:54 Loom
3:29 Loom
4:03 Loom
4:57 Loom
13:55 Feudal Age
19:09 Castle Age
17:05 Double-Bit Axe
17:19 Horse Collar
18:19 Fletching
22:06 Wheelbarrow
22:25 Caravan
22:28 Padded Archer Armor
23:41 Hand Cart
24:19 Bow Saw
24:17 Heavy Plow
30:46 Imperial Age
27:59 Pikeman
28:38 Town Watch
30:31 Leather Archer Armor
30:28 Forging
30:14 Bodkin Arrow
30:21 Scale Mail Armor
33:16 Iron Casting
33:45 Two-Man Saw
33:05 Town Patrol
35:27 Hoardings
35:22 Bracer
35:56 Gold Mining
36:00 Stone Mining
36:49 Ring Archer Armor
38:24 Blast Furnace
38:29 Chemistry
38:07 Coinage
38:42 Gold Shaft Mining
40:16 Squires
41:38 Chain Mail Armor
40:52 Halberdier
41:18 Arson
41:23 Gambesons
41:33 Elite Longbowman
43:47 Warwolf
46:03 Yeomen
46:19 Plate Mail Armor
46:38 Banking
53:58 Masonry
53:29 Treadmill Crane
54:10 Ballistics
一把菜刀
0:55 Loom
14:48 Feudal Age
16:19 Wheelbarrow
15:31 Horse Collar
18:42 Castle Age
17:36 Double-Bit Axe
18:14 Stone Mining
19:48 Pikeman
24:38 Fletching
32:09 Gold Mining
40:45 Imperial Age
41:55 Furor Celtica
43:27 Gold Shaft Mining
44:20 Chemistry
43:18 Murder Holes
44:59 Ballistics
44:19 Halberdier
44:36 Heavy Scorpion
46:43 Halberdier
51:30 Forging
58:13 Bow Saw
ddmgsxis89228
10:31 Feudal Age
20:08 Castle Age
19:49 Double-Bit Axe
19:49 Horse Collar
20:03 Stone Mining
20:12 Gold Mining
22:55 Bow Saw
30:38 Imperial Age
30:27 Stone Shaft Mining
30:49 Wheelbarrow
30:01 Town Watch
32:42 Two-Man Saw
33:01 Chemistry
32:59 Hand Cart
32:53 Heavy Plow
34:17 Arquebus
35:28 Bombard Tower
38:25 Ballistics
39:12 Elite Organ Gun
40:13 Conscription
41:03 Siege Engineers
henrique.villetti
7:36 Loom
9:18 Double-Bit Axe
11:42 Feudal Age
9:59 Horse Collar
10:30 Gold Mining
16:42 Castle Age
16:20 Bow Saw
18:47 Wheelbarrow
20:05 Hand Cart
24:04 Heavy Plow
28:45 Imperial Age
27:23 Husbandry
26:54 Light Cavalry
27:46 Forging
27:42 Scale Barding Armor
28:25 Crop Rotation
29:24 Fletching
30:58 Gold Shaft Mining
30:16 Stone Mining
31:10 Hussar
32:27 Iron Casting
32:13 Chain Barding Armor
31:49 Bodkin Arrow
32:58 Chemistry
32:19 Ballistics
31:42 Treadmill Crane
32:53 Stone Shaft Mining
34:36 Blast Furnace
34:41 Two-Man Saw
34:14 Caravan
34:49 Conscription
36:17 Elite Coustillier
37:03 Burgundian Vineyards
37:19 Guilds
37:51 Bracer
38:27 Plate Barding Armor
38:56 Hoardings
38:37 Arrowslits
42:28 Padded Archer Armor
46:25 Leather Archer Armor
49:59 Elite Skirmisher
URL
0:42 Loom
11:39 Feudal Age
12:09 Town Watch
12:11 Double-Bit Axe
12:21 Horse Collar
13:09 Gold Mining
14:30 Stone Mining
21:47 Castle Age
21:16 Forging
21:43 Scale Mail Armor
22:52 Bow Saw
22:49 Heavy Plow
23:15 Squires
24:01 Pikeman
26:05 Caravan
26:36 Coinage
29:47 Iron Casting
30:25 Wheelbarrow
30:46 Anarchy
34:58 Imperial Age
34:13 Chain Mail Armor
36:46 Elite Huskarl
37:48 Conscription
38:03 Crop Rotation
39:13 Banking
38:53 Guilds
38:52 Perfusion
39:17 Hand Cart
40:08 Town Patrol
41:57 Two-Man Saw
43:35 Blast Furnace
43:00 Capped Ram
47:42 Heavy Scorpion
80AŞKÖMER
12:27 Feudal Age
16:58 Castle Age
15:05 Double-Bit Axe
15:21 Horse Collar
18:38 Heavy Plow
19:13 Bow Saw
19:48 Gold Mining
20:56 Stone Mining
39:09 Pikeman
43:06 Imperial Age
41:03 Man-at-Arms
43:54 Halberdier
jcdmf0312
0:30 Loom
10:31 Feudal Age
14:28 Double-Bit Axe
20:30 Castle Age
18:14 Horse Collar
19:15 Fletching
19:36 Forging
19:24 Gold Mining
19:25 Stone Mining
22:22 Bow Saw
27:30 Crossbowman
28:56 Padded Archer Armor
28:52 Bodkin Arrow
30:28 Heavy Plow
31:23 Leather Archer Armor
32:10 Eagle Warrior
39:04 Thumb Ring
41:12 Treadmill Crane
42:44 Squires
42:47 Scale Mail Armor
Connection lost

Rejoining the realm…

Still unreachable

The connection could not be restored.

Session expired

The server has moved on; the page needs a fresh start.